NCAA
SETON HALL PIRATES @ MINNESOTA GOLDEN GOPHERS
04/14/2023
 
TOP OF THE 1ST
Seton Hall Pirates batting - Pitching for Minnesota Golden Gophers : LHP Michael Miller
Pitching: LHP Michael Miller
Batting: SHB Bob Jordan 0-0: Foul Ball, location: 2F
0-1: Ground out U3 (Groundball, 3L)
Batting: RHB Jerry Ward 0-0: Foul Ball, location: 2F
0-1: Ball
1-1: Called Strike
1-2: Strikes out swinging
Batting: LHB Craig White 0-0: Called Strike
0-1: Ground out 4-3 (Groundball, 4M)
Top of the 1st over - 0 run(s), 0 hit(s), 0 error(s), 0 left on base; Seton Hall 0 - Minnesota 0
BOTTOM OF THE 1ST
Minnesota Golden Gophers batting - Pitching for Seton Hall Pirates : RHP Steve Taylor
Pitching: RHP Steve Taylor
Batting: RHB Carlos López 0-0: Ball
1-0: Called Strike
1-1: Foul Ball, location: 2F
1-2: Fly out, F4 (Popup, 2R)
Batting: RHB Mike Brooks 0-0: Ball
1-0: Called Strike
1-1: Fly out, F5 (Popup, 25F)
Batting: RHB David Strickland 0-0: Called Strike
0-1: Ball
1-1: Ball
2-1: Foul Ball, location: 2F
2-2: Ball
3-2: Strikes out looking
Bottom of the 1st over - 0 run(s), 0 hit(s), 0 error(s), 0 left on base; Seton Hall 0 - Minnesota 0
TOP OF THE 2ND
Seton Hall Pirates batting - Pitching for Minnesota Golden Gophers : LHP Michael Miller
Batting: RHB Carlos Guevara 0-0: Called Strike
0-1: Called Strike
0-2: Ball
1-2: Ball
2-2: Ball
3-2: Strikes out swinging
Batting: LHB Mike Pearson 0-0: Called Strike
0-1: Reached on Error, E6 (Popup, 6MD)
Batting: RHB Kurt Hart 0-0: Fly out, F2 (Popup, 2LF)
Batting: RHB Herb Newman 0-0: Foul Ball, location: 2F
0-1: Swinging Strike
0-2: Strikes out swinging
Top of the 2nd over - 0 run(s), 0 hit(s), 1 error(s), 1 left on base; Seton Hall 0 - Minnesota 0
BOTTOM OF THE 2ND
Minnesota Golden Gophers batting - Pitching for Seton Hall Pirates : RHP Steve Taylor
Batting: RHB Brady McIntyre 0-0: Ball
1-0: Foul Ball, location: 2F
1-1: Ball
2-1: Foul Ball, location: 2F
2-2: Ball
3-2: Fly out, F9 (Flyball, 89M)
Batting: RHB Charlie O'Farrell 0-0: Fly out, F8 (Flyball, 8RM)
Batting: LHB Doug Willard 0-0: Called Strike
0-1: Fly out, F8 (Line Drive, 8RM)
Bottom of the 2nd over - 0 run(s), 0 hit(s), 0 error(s), 0 left on base; Seton Hall 0 - Minnesota 0
TOP OF THE 3RD
Seton Hall Pirates batting - Pitching for Minnesota Golden Gophers : LHP Michael Miller
Batting: SHB Michael Miller 0-0: Ball
1-0: Ball
2-0: DOUBLE (Flyball, 7LM)
Batting: RHB Juan Hinojosa 0-0: Fly out, F5 (Line Drive, 5L)
Batting: SHB Bob Jordan 0-0: Ball
1-0: Ball
2-0: Ball
3-0: Called Strike
3-1: Fly out, F8 (Flyball, 8RM)
Batting: RHB Jerry Ward 0-0: Ball
1-0: Ground out 6-3 (Groundball, 6)
Top of the 3rd over - 0 run(s), 1 hit(s), 0 error(s), 1 left on base; Seton Hall 0 - Minnesota 0
BOTTOM OF THE 3RD
Minnesota Golden Gophers batting - Pitching for Seton Hall Pirates : RHP Steve Taylor
Batting: RHB Esteban Ayala 0-0: Swinging Strike
0-1: Fly out, F8 (Flyball, 8RM)
Batting: RHB Ben Lund 0-0: Ball
1-0: Called Strike
1-1: Ball
2-1: Ball
3-1: Base on Balls
Batting: LHB Ramón López 0-0: Ball
1-0: Called Strike
1-1: Ball
2-1: SINGLE (Groundball, 6MD)
Ben Lund to second
Batting: RHB Carlos López 0-0: Foul Ball, location: 2F
0-1: SINGLE (Groundball, 4D) (infield hit)
Ben Lund to third
Ramón López to second
Batting: RHB Mike Brooks 0-0: Called Strike
0-1: Ball
1-1: Ball
2-1: Ball
3-1: Base on Balls
Ben Lund scores
Ramón López to third
Carlos López to second
Batting: RHB David Strickland 0-0: Ball
1-0: Called Strike
1-1: Grounds into double play, 5-4-3 (Groundball, 56)
Bottom of the 3rd over - 1 run(s), 2 hit(s), 0 error(s), 2 left on base; Seton Hall 0 - Minnesota 1
TOP OF THE 4TH
Seton Hall Pirates batting - Pitching for Minnesota Golden Gophers : LHP Michael Miller
Batting: LHB Craig White 0-0: Called Strike
0-1: Foul Ball, location: 2F
0-2: Strikes out looking
Batting: RHB Carlos Guevara 0-0: Fly out, F8 (Line Drive, 8RS)
Batting: LHB Mike Pearson 0-0: Foul Ball, location: 2F
0-1: Ball
1-1: Fly out, F7 (Flyball, 78S)
Top of the 4th over - 0 run(s), 0 hit(s), 0 error(s), 0 left on base; Seton Hall 0 - Minnesota 1
BOTTOM OF THE 4TH
Minnesota Golden Gophers batting - Pitching for Seton Hall Pirates : RHP Steve Taylor
Batting: RHB Brady McIntyre 0-0: Foul Ball, location: 2F
0-1: Ball
1-1: Ball
2-1: SINGLE (Groundball, 6MD)
Batting: RHB Charlie O'Farrell 0-0: Ball
1-0: Called Strike
1-1: Fly out, F7 (Flyball, 78D)
Batting: LHB Doug Willard 0-0: Foul Ball, location: 2F
0-1: Called Strike
0-2: Foul Ball, location: 2F
0-2: SINGLE (Groundball, 3D)
Brady McIntyre to second
Batting: RHB Esteban Ayala 0-0: Grounds into double play, U4-3 (Groundball, 4)
Bottom of the 4th over - 0 run(s), 2 hit(s), 0 error(s), 1 left on base; Seton Hall 0 - Minnesota 1
TOP OF THE 5TH
Seton Hall Pirates batting - Pitching for Minnesota Golden Gophers : LHP Michael Miller
Batting: RHB Kurt Hart 0-0: Ball
1-0: Ball
2-0: Ball
3-0: Base on Balls
Batting: RHB Herb Newman 0-0: Ball
1-0: Called Strike
1-1: Foul Ball, location: 2F
1-2: Strikes out looking
Batting: SHB Michael Miller 0-0: Ball
1-0: Ball
2-0: Foul Ball, location: 2F
2-1: Called Strike
2-2: Foul Ball, location: 2F
2-2: Fly out, F5 (Popup, 5SF)
Batting: RHB Juan Hinojosa 0-0: Ball
Kurt Hart steals 2nd base
1-0: Ball
2-0: Reached on error, E6 (Groundball, 6M)
Kurt Hart to third
Batting: SHB Bob Jordan 0-0: Called Strike
0-1: Ball
1-1: Ball
2-1: Foul Ball, location: 2F
2-2: Foul Ball, location: 2F
2-2: Strikes out swinging
Top of the 5th over - 0 run(s), 0 hit(s), 1 error(s), 2 left on base; Seton Hall 0 - Minnesota 1
BOTTOM OF THE 5TH
Minnesota Golden Gophers batting - Pitching for Seton Hall Pirates : RHP Steve Taylor
Batting: RHB Ben Lund 0-0: Ball
1-0: Ball
2-0: Called Strike
2-1: Ball
3-1: Swinging Strike
3-2: Fly out, F9 (Flyball, 9M)
Batting: LHB Ramón López 0-0: SINGLE (Groundball, 34D)
Batting: RHB Carlos López 0-0: Called Strike
Ramón López is caught stealing 2nd base
0-1: Called Strike
0-2: Ball
1-2: Foul Ball, location: 2F
1-2: Strikes out swinging
Bottom of the 5th over - 0 run(s), 1 hit(s), 0 error(s), 0 left on base; Seton Hall 0 - Minnesota 1
TOP OF THE 6TH
Seton Hall Pirates batting - Pitching for Minnesota Golden Gophers : LHP Michael Miller
Batting: RHB Jerry Ward 0-0: Called Strike
0-1: Foul Ball, location: 2F
0-2: Foul Ball, location: 2F
0-2: Ball
1-2: Strikes out swinging
Batting: LHB Craig White 0-0: Called Strike
0-1: Foul Ball, location: 2F
0-2: Ball
1-2: Strikes out swinging
Batting: RHB Carlos Guevara 0-0: SINGLE (Groundball, 56D) (infield hit)
Batting: LHB Mike Pearson 0-0: Called Strike
0-1: Foul Ball, location: 2F
0-2: Ball
1-2: Foul Ball, location: 2F
1-2: Foul Ball, location: 2F
1-2: Ball
2-2: Strikes out looking
Top of the 6th over - 0 run(s), 1 hit(s), 0 error(s), 1 left on base; Seton Hall 0 - Minnesota 1
BOTTOM OF THE 6TH
Minnesota Golden Gophers batting - Pitching for Seton Hall Pirates : RHP Steve Taylor
Batting: RHB Mike Brooks 0-0: Foul Ball, location: 2F
0-1: Foul Ball, location: 2F
0-2: Ball
1-2: Foul Ball, location: 2F
1-2: Foul Ball, location: 2F
1-2: Ground out 6-3 (Groundball, 6)
Batting: RHB David Strickland 0-0: SINGLE (Groundball, 4MD)
Batting: RHB Brady McIntyre 0-0: Ball
1-0: Called Strike
1-1: Swinging Strike
1-2: Ball
2-2: Ball
3-2: Strikes out swinging
David Strickland is caught stealing 2nd base
Batter strikes out.
Bottom of the 6th over - 0 run(s), 1 hit(s), 0 error(s), 0 left on base; Seton Hall 0 - Minnesota 1
TOP OF THE 7TH
Seton Hall Pirates batting - Pitching for Minnesota Golden Gophers : LHP Michael Miller
Batting: RHB Kurt Hart 0-0: Foul Ball, location: 2F
0-1: Called Strike
0-2: Ball
1-2: Foul Ball, location: 2F
1-2: Ball
2-2: Foul Ball, location: 2F
2-2: Foul Ball, location: 2F
2-2: Ball
3-2: Fly out, F9 (Flyball, 9LS)
Pitching: RHP David Dean
Batting: RHB Herb Newman 0-0: Ball
1-0: Foul Ball, location: 2F
1-1: Swinging Strike
1-2: Strikes out swinging
Batting: SHB Michael Miller 0-0: Ball
1-0: Ball
2-0: Ball
3-0: Swinging Strike
3-1: Called Strike
3-2: Base on Balls
Pinch Hitting: LHB Kyle Petersen 0-0: Called Strike
0-1: Ball
1-1: Called Strike
Michael Miller steals 2nd base
1-2: Ball
2-2: Ball
3-2: Strikes out looking
Top of the 7th over - 0 run(s), 0 hit(s), 0 error(s), 1 left on base; Seton Hall 0 - Minnesota 1
BOTTOM OF THE 7TH
Minnesota Golden Gophers batting - Pitching for Seton Hall Pirates : RHP Steve Taylor
Pitching: RHP Britt Hall
Now in RF: Kyle Petersen
Batting: RHB Charlie O'Farrell 0-0: Foul Ball, location: 2F
0-1: Foul Ball, location: 2F
0-2: Foul Ball, location: 2F
0-2: Foul Ball, location: 2F
0-2: Ball
1-2: Strikes out looking
Batting: LHB Doug Willard 0-0: Called Strike
0-1: Ball
1-1: Called Strike
1-2: Foul Ball, location: 2F
1-2: Foul Ball, location: 2F
1-2: SINGLE (Line Drive, 9S)
Batting: RHB Esteban Ayala 0-0: Foul Ball, location: 2F
0-1: Ball
1-1: Foul Ball, location: 2F
1-2: 2-RUN HOME RUN (Flyball, 78XD), Distance : 378 ft
Pitching: RHP Marvin Corbett
Batting: RHB Ben Lund 0-0: Ball
1-0: Swinging Strike
1-1: Swinging Strike
1-2: Ball
2-2: Strikes out swinging
Batting: LHB Ramón López 0-0: Called Strike
0-1: Ball
1-1: Fly out, F3 (Popup, 23F)
Bottom of the 7th over - 2 run(s), 2 hit(s), 0 error(s), 0 left on base; Seton Hall 0 - Minnesota 3
TOP OF THE 8TH
Seton Hall Pirates batting - Pitching for Minnesota Golden Gophers : RHP David Dean
Batting: SHB Bob Jordan 0-0: Ball
1-0: Swinging Strike
1-1: Foul Ball, location: 2F
1-2: Ball
2-2: Strikes out swinging
Batting: RHB Jerry Ward 0-0: Called Strike
0-1: Ball
1-1: Swinging Strike
1-2: Ball
2-2: SINGLE (Line Drive, 6M)
Pitching: LHP Nick Clayton
Batting: LHB Craig White 0-0: Called Strike
0-1: Ball
1-1: Ball
2-1: Ball
3-1: Grounds out, U3 (Groundball, 3L)
Batting: RHB Carlos Guevara 0-0: Foul Ball, location: 2F
0-1: Ball
1-1: Ball
2-1: Ball
3-1: Reached on Error, E8 (Flyball, 8LS)
Jerry Ward scores
Batting: LHB Mike Pearson 0-0: Swinging Strike
0-1: Ball
1-1: Foul Ball, location: 2F
1-2: Ground out 3-1 (Groundball, 34)
Top of the 8th over - 1 run(s), 1 hit(s), 1 error(s), 1 left on base; Seton Hall 1 - Minnesota 3
BOTTOM OF THE 8TH
Minnesota Golden Gophers batting - Pitching for Seton Hall Pirates : RHP Marvin Corbett
Batting: RHB Carlos López 0-0: Ball
1-0: Ground out 6-3 (Groundball, 6M)
Batting: RHB Mike Brooks 0-0: Ball
1-0: Ball
2-0: Ball
3-0: Called Strike
3-1: Foul Ball, location: 2F
3-2: Foul Ball, location: 2F
3-2: Base on Balls
Batting: RHB David Strickland 0-0: Ball
1-0: Fly out, F9 (Flyball, 89M)
Batting: RHB Brady McIntyre 0-0: Ball
1-0: Ball
2-0: Foul Ball, location: 2F
2-1: Foul Ball, location: 2F
2-2: Foul Ball, location: 2F
2-2: Ball
3-2: Foul Ball, location: 2F
3-2: Base on Balls
Mike Brooks to second
Batting: RHB Charlie O'Farrell 0-0: Ball
1-0: Ball
2-0: Called Strike
2-1: Ground out 5-3 (Groundball, 5S)
Bottom of the 8th over - 0 run(s), 0 hit(s), 0 error(s), 2 left on base; Seton Hall 1 - Minnesota 3
TOP OF THE 9TH
Seton Hall Pirates batting - Pitching for Minnesota Golden Gophers : LHP Nick Clayton
Pitching: LHP Michael Sims
Now at SS: Van White
Batting: RHB Kurt Hart 0-0: Ball
1-0: Called Strike
1-1: Foul Ball, location: 2F
1-2: Strikes out looking
Batting: RHB Herb Newman 0-0: Ball
1-0: Called Strike
1-1: Ball
2-1: Ground out 4-3 (Groundball, 4)
Batting: SHB Michael Miller 0-0: Fly out, F9 (Flyball, 9M)
Top of the 9th over - 0 run(s), 0 hit(s), 0 error(s), 0 left on base; Seton Hall 1 - Minnesota 3
This league is powered by Out of the Park Baseball, the baseball management simulation game for PC, Mac and Linux
Wednesday, December 2nd, 2015 - OOTP Baseball 16.8 Build 38